 Dungeon Crawl Stone Soup version 0.31-a0-844-gdc52ec4e09 (webtiles) character file.

Game seed: 1215134214747005121

12163 JackS81 the Skirmisher (level 11, -24/87 HPs)
             Began as a Gnoll Hunter on Sept 29, 2023.
             Was a High Priest of Fedhas.
             Annihilated by a large abomination (27 damage)
             ... while paralysed by a dread lich
             ... on level 3 of the Abyss.
             The game lasted 01:32:17 (10291 turns).

JackS81 the Skirmisher (Gnoll Hunter)              Turns: 10291, Time: 01:32:19

Health: -24/87     AC: 10    Str: 17    XL:     11   Next: 89%
Magic:  21/21      EV:  2    Int:  5    God:    Fedhas [*****.]
Gold:   227        SH:  0    Dex: 21    Spells: 15/23 levels left

rFire   . . .        I - +4 whip of Bodily Harmony {freeze, Dex+2}
rCold   . . .        (no shield)
rNeg    . . .        p - +0 robe of Altruism {rCorr Str+5 Int-3 Slay+6}
rPois   .            n - +0 helmet
rElec   .            D - +1 cloak
rCorr   +            Q - +2 pair of gloves
SInv    .            V - +1 pair of boots {Stlth+}
Will    .....        W - amulet of faith
Stlth   +++++        T - ring of wizardry
HPRegen 0.34/turn    (no ring)
MPRegen 0.17/turn

%: faith, wizardry (x1)
@: paralysed, about to teleport
A: fangs 1, strong nose, distributed training, deformed body
a: Renounce Religion, Wall of Briars, Grow Ballistomycete, Overgrow, Grow Oklob


You were on level 3 of the Abyss.
You worshipped Fedhas.
Fedhas was extremely pleased with you.
You visited 2 branches of the dungeon, and saw 11 of its levels.
You visited the Abyss 2 times.
You also visited: Bailey.

You collected 682 gold pieces.
You spent 455 gold pieces at shops.

Inventory:

Hand Weapons
 a - a +0 shortbow of draining
 y - a +2 dagger of distortion
 B - the +1 hand axe of the Hundredfold Bones {flame, *Corrode rPois Str+9 Int+5}
   (You found it on level 10 of the Dungeon)

   Str+9:     It affects your strength (+9).
   Int+5:     It affects your intelligence (+5).
   rPois:     It protects you from poison *Corrode: It may corrode you when you
   take damage.
 I - the +4 whip of Bodily Harmony (weapon) {freeze, Dex+2}
   (You found it on level 6 of the Dungeon)

   Dex+2:     It affects your dexterity (+2).
 L - a +4 vampiric trident
 N - the +7 executioner's axe "Qeoz" {spect, rElec rC- rN+}
   (You found it in a bailey)

   rC-:       It makes you vulnerable to cold.
   rElec:     It insulates you from electricity.
   rN+:       It protects you from negative energy.
Missiles
 e - 2 curare-tipped darts
 m - 18 poisoned darts
Armour
 k - the +2 robe "Darghyg" {Slay+2 Stlth+}
   (You found it on level 2 of the Dungeon)

   Slay+2:    It affects your accuracy & damage with ranged weapons and melee
   (+2).
   Stlth+:    It makes you more stealthy.
 n - a +0 helmet (worn)
 p - the +0 robe of Altruism (worn) {rCorr Str+5 Int-3 Slay+6}
   (You took it off a goblin on level 2 of the Dungeon)

   Str+5:     It affects your strength (+5).
   Int-3:     It affects your intelligence (-3).
   Slay+6:    It affects your accuracy & damage with ranged weapons and melee
   (+6).
   rCorr:     It protects you from acid and corrosion.
 x - a +0 crystal plate armour
 D - a +1 cloak (worn)
 E - a +0 scale mail of poison resistance
 M - the +1 scale mail of Leagir {Regen+ rCorr Str+3 Slay+3}
   (You found it on level 7 of the Dungeon)

   Str+3:     It affects your strength (+3).
   Slay+3:    It affects your accuracy & damage with ranged weapons and melee
   (+3).
   Regen+:    It increases your rate of health regeneration.
   rCorr:     It protects you from acid and corrosion.
 O - a +3 ring mail of fire resistance
 P - an orb of guile
 Q - a +2 pair of gloves (worn)
 V - a +1 pair of boots of stealth (worn)
 Y - the +0 chain mail "Kiavi" {rPois}
   (You bought it in a shop on level 2 of the Dungeon)

   rPois:     It protects you from poison
 Z - +0 acid dragon scales
Jewellery
 s - a ring of ice
 T - a ring of wizardry (left hand)
 W - an amulet of faith (around neck)
 X - a ring of fire
Talismans
 t - a flux talisman
 K - a beast talisman
Wands
 o - a wand of paralysis (16)
 G - a wand of quicksilver (22)
 H - a wand of iceblast (15)
 S - a wand of flame (22)
Scrolls
 b - a scroll of butterflies
 c - 3 scrolls of poison {unknown}
 f - a scroll of revelation
 h - 5 scrolls of teleportation
 i - 2 scrolls of amnesia
 l - a scroll of torment {unknown}
 q - 3 scrolls of enchant armour
 r - a scroll of brand weapon
 v - 4 scrolls of enchant weapon
 J - 2 scrolls of fog {unknown}
 U - a scroll of vulnerability {unknown}
Potions
 d - a potion of degeneration {unknown}
 g - a potion of magic {unknown}
 j - 3 potions of enlightenment
 u - 3 potions of curing
 w - a potion of cancellation {unknown}
 z - a potion of resistance {unknown}
 A - 2 potions of attraction
 C - 2 potions of brilliance
 F - 4 potions of heal wounds
 R - 2 potions of might


   Skills:
 + Level 8.3 Fighting
 + Level 6.8 Short Blades
 + Level 6.8 Long Blades
 + Level 6.8 Axes
 + Level 6.8 Maces & Flails
 + Level 6.8 Polearms
 + Level 6.8 Staves
 + Level 10.9 Ranged Weapons
 + Level 6.8 Throwing
 + Level 6.8 Armour
 + Level 8.3 Dodging
 + Level 7.3 Stealth
 + Level 6.8 Shields
 + Level 6.8 Unarmed Combat
 + Level 6.8 Spellcasting
 + Level 5.6 Conjurations
 + Level 5.6 Hexes
 + Level 5.6 Summonings
 + Level 5.6 Necromancy
 + Level 5.6 Translocations
 + Level 5.6 Transmutations
 + Level 5.6 Fire Magic
 + Level 5.6 Ice Magic
 + Level 5.6 Air Magic
 + Level 5.6 Earth Magic
 + Level 5.6 Poison Magic
 + Level 7.5 Invocations
 + Level 6.8 Evocations
 + Level 6.2 Shapeshifting


You had 15 spell levels left.
You knew the following spells:

 Your Spells              Type           Power      Damage    Failure   Level
a - Swiftness             Air            7%         N/A       3%          3
b - Teleport Other        Tloc           7%         N/A       3%          3
c - Wereblood             Tmut           7%         N/A       1%          2

Your spell library contained the following spells:

 Spells                   Type           Power      Damage    Failure   Level
 Ensorcelled Hibernation  Hex/Ice        14%        N/A       1%          2
 Lesser Beckoning         Tloc           14%        N/A       1%          2
 Passwall                 Tmut/Erth      5%         N/A       1%          2
 Static Discharge         Conj/Air       14%        2-3/arc   1%          2
 Sublimation of Blood     Necr           7%         N/A       1%          2
 Gell's Gravitas          Tloc           7%         N/A       3%          3
 Summon Guardian Golem    Hex/Summ       7%         N/A       3%          3
 Airstrike                Air            3%         2d(1-17)  11%         4
 Summon Lightning Spire   Summ/Air       7%         N/A       11%         4
 Orb of Destruction       Conj           3%         9d5       100%        7
 Spellforged Servitor     Conj/Summ      3%         N/A       100%        7
 Summon Hydra             Summ           3%         N/A       100%        7


Dungeon Overview and Level Annotations

Branches:
Dungeon (10/15)            Temple (1/1) D:4            Lair (0/5) D:8
    Orc (0/2) D:10         Bailey (visited)

Altars:
Ashenzari
Cheibriados
Dithmenos
Elyvilon
Fedhas
Gozag
Hepliaklqana
Kikubaaqudgha
Makhleb
Nemelex Xobeh
Okawaru
Qazlal
Ru
Sif Muna
Trog
Uskayaw
Vehumet
Wu Jian
Xom
Yredelemnul
Zin
The Shining One

Shops:
D:1 !   D:2 [   D:5 ?   D:6 (


Innate Abilities, Weirdness & Mutations

You have very sharp teeth.
Your uncanny sense of smell can sniff out nearby items.
Your experience applies equally to all skills.
Armour fits poorly on your strangely shaped body.


Message History

As you read the scroll of teleportation, it crumbles to dust.
You feel strangely unstable.
You feel the power of the Abyss delaying your translocation!
The small abomination hits you.
You slice the small abomination!!
The small abomination is almost destroyed.
You completely miss the ufetubus.
Your +7 executioner's axe "Qeoz" {spect, rElec rC- rN+} hits the ufetubus!!
You kill the ufetubus!
Fedhas accepts your kill.
Your +7 executioner's axe "Qeoz" {spect, rElec rC- rN+} hits the raiju.
The small abomination hits you. The raiju misses you.
The small abomination barely misses you.
You slice the raiju!!
The raiju is severely wounded.
You hit the small abomination but do no damage.
Your +7 executioner's axe "Qeoz" {spect, rElec rC- rN+} barely misses the raiju.
The small abomination misses you. The raiju bites you. The raiju shocks you.
You resist.
A dread lich comes into view.
The small abomination hits you! The raiju completely misses you.
The smoke demon closely misses your +7 executioner's axe "Qeoz" {spect, rElec rC- rN+}.
The smoke demon misses your +7 executioner's axe "Qeoz" {spect, rElec rC- rN+}.
The smoke demon closely misses your +7 executioner's axe "Qeoz" {spect, rElec rC- rN+}.
Your +7 executioner's axe "Qeoz" {spect, rElec rC- rN+} disappears.
You feel agile.
The +4 whip of Bodily Harmony {freeze, Dex+2} glows with a cold blue light!
I - the +4 whip of Bodily Harmony (weapon)
{freeze, Dex+2} The large abomination hits you.
The dread lich points at you and mumbles some strange words.
You suddenly lose the ability to move!
The small abomination hits you!
* * * LOW HITPOINT WARNING * * *
A smoke demon comes into view.
The smoke demon gestures at you. Something smites you!
* * * LOW HITPOINT WARNING * * *
The raiju bites you but does no damage. The large abomination hits you!!
You die...
Fedhas appreciates your contribution to the ecosystem.

# . # .# #.#. #
.L.#.# #.#..#.
.....
##..#.3#####
#.....h@x..###
..#..3##X#.#.#
##... # .#..#
#..#.# .#...#
........ .##. # #
#.........#..#.##
.
#..##x.#.##.##..
#.###. ##.#...##
## #.#...###x..#


You could see a dread lich, a large abomination, 2 smoke demons, a raiju and a
small abomination.

Vanquished Creatures
  Amaemon (D:9)
  4 wizards (D:10)
  Maurice (D:8)
  Psyche (D:9)
  An orange demon (D:9)
  Jeremiah (D:8)
  2 trolls
  A hornet (D:8)
  Prince Ribbit (D:7)
  A vampire (D:10)
  2 shadows
  3 yaks (D:9)
  A wyvern (D:8)
  A wraith (D:9)
  3 wargs
  2 water moccasins (D:9)
  A two-headed ogre zombie (D:10)
  An acid dragon (D:10)
  13 orc warriors
  2 black bears (D:6)
  An ice beast (D:6)
  An ogre (D:7)
  13 centaurs
  6 phantoms
  2 kobold brigands
  4 bullfrogs
  A gnoll sergeant (D:8)
  5 wights (D:7)
  17 killer bees
  3 troll zombies (D:10)
  5 hounds
  2 jellies (D:5)
  7 orc priests
  10 orc wizards
  2 iguanas
  4 ogre zombies (D:10)
  11 gnolls
  8 adders
  2 shadow imps
  A white imp (Abyss:3)
  An ufetubus (Abyss:3)
  2 worms
  6 dart slugs
  66 orcs
  8 ball pythons
  6 endoplasms
  A giant cockroach (D:1)
  11 goblins
  8 hobgoblins
  2 jackals (D:1)
  20 kobolds
  5 quokkas
  7 bats
  8 frilled lizards
  3 goblin zombies (D:10)
  4 hobgoblin skeletons (D:10)
  4 hobgoblin zombies (D:10)
  An orc skeleton (D:10)
  13 orc zombies (D:10)
  A rat (D:2)
325 creatures vanquished.

Vanquished Creatures (collateral kills)
  7 ballistomycete spores
7 creatures vanquished.

Vanquished Creatures (others)
  A ballistomycete spore (D:9)
1 creature vanquished.

Grand Total: 333 creatures vanquished

Notes
Turn   | Place    | Note
-------+----------+-------------------------------------------
     0 | D:1      | JackS81 the Gnoll Hunter began the quest for the Orb.
     0 | D:1      | Reached XP level 1. HP: 20/20 MP: 1/1
    53 | D:1      | Reached XP level 2. HP: 26/26 MP: 2/2
   390 | D:1      | Reached XP level 3. HP: 31/31 MP: 3/3
   452 | D:1      | Found Iwosur's Distillery.
   783 | D:1      | Reached skill level 1 in Invocations
  1078 | D:2      | Identified the +2 robe "Darghyg" {Slay+2 Stlth+}
  1090 | D:2      | Reached skill level 1 in Short Blades
  1090 | D:2      | Reached skill level 1 in Long Blades
  1090 | D:2      | Reached skill level 1 in Axes
  1090 | D:2      | Reached skill level 1 in Maces & Flails
  1090 | D:2      | Reached skill level 1 in Polearms
  1090 | D:2      | Reached skill level 1 in Staves
  1090 | D:2      | Reached skill level 1 in Throwing
  1090 | D:2      | Reached skill level 1 in Armour
  1090 | D:2      | Reached skill level 1 in Shields
  1090 | D:2      | Reached skill level 1 in Unarmed Combat
  1090 | D:2      | Reached skill level 1 in Spellcasting
  1090 | D:2      | Reached skill level 1 in Evocations
  1111 | D:2      | Found Rairhawna's Antique Armour Boutique.
  1250 | D:2      | Reached skill level 1 in Shapeshifting
  1250 | D:2      | Reached XP level 4. HP: 31/38 MP: 5/5
  1498 | D:2      | Identified the +0 robe of Altruism {rCorr Str+5 Int-3
                  | Slay+6}
  2360 | D:3      | Reached skill level 1 in Conjurations
  2360 | D:3      | Reached skill level 1 in Hexes
  2360 | D:3      | Reached skill level 1 in Summonings
  2360 | D:3      | Reached skill level 1 in Necromancy
  2360 | D:3      | Reached skill level 1 in Translocations
  2360 | D:3      | Reached skill level 1 in Transmutations
  2360 | D:3      | Reached skill level 1 in Fire Magic
  2360 | D:3      | Reached skill level 1 in Ice Magic
  2360 | D:3      | Reached skill level 1 in Air Magic
  2360 | D:3      | Reached skill level 1 in Earth Magic
  2360 | D:3      | Reached skill level 1 in Poison Magic
  2659 | D:4      | Found a staircase to the Ecumenical Temple.
  2666 | D:4      | Reached XP level 5. HP: 43/43 MP: 6/6
  2679 | Temple   | Entered the Ecumenical Temple
  2696 | Temple   | Became a worshipper of Fedhas Madash
  2819 | D:4      | Found a bloodstained altar of Trog.
  2926 | D:4      | Reached XP level 6. HP: 47/50 MP: 8/8
  3055 | D:4      | Reached * piety under Fedhas
  3056 | D:4      | Reached skill level 5 in Fighting
  3056 | D:4      | Reached skill level 5 in Dodging
  3092 | D:4      | Found a hide-covered altar of Uskayaw.
  3120 | D:4      | Found a sparkling altar of Nemelex Xobeh.
  3120 | D:4      | Found a sacrificial altar of Ru.
  3282 | D:5      | Entered Level 5 of the Dungeon
  3563 | D:5      | Reached XP level 7. HP: 56/56 MP: 10/10
  3852 | D:5      | Found Syutun's Magic Scroll Boutique.
  3855 | D:5      | Bought a scroll of brand weapon for 133 gold pieces
  3855 | D:5      | Bought a scroll of identify for 28 gold pieces
  3918 | D:6      | Found Wemolun's Weapon Emporium.
  4260 | D:6      | Reached skill level 9 in Ranged Weapons
  4267 | D:6      | Reached ** piety under Fedhas
  4342 | D:6      | Reached XP level 8. HP: 63/63 MP: 12/12
  4367 | D:6      | Identified the +4 whip of Bodily Harmony {freeze, Dex+2}
  4505 | D:6      | Found a glowing golden altar of the Shining One.
  4507 | D:6      | Noticed an angel
  4514 | D:6      | Found a basalt altar of Yredelemnul.
  4717 | D:6      | Found an iron altar of Okawaru.
  5070 | D:7      | Noticed Prince Ribbit
  5088 | D:7      | Identified the +1 scale mail of Leagir {Regen+ rCorr Str+3
                  | Slay+3}
  5132 | D:7      | Found a shadowy altar of Dithmenos.
  5251 | D:7      | Found a flagged portal.
  5270 | Bailey   | Entered a bailey
  5378 | Bailey   | Reached *** piety under Fedhas
  5454 | Bailey   | Reached XP level 9. HP: 55/69 MP: 9/14
  5628 | Bailey   | Reached skill level 5 in Stealth
  5667 | Bailey   | Reached skill level 5 in Invocations
  5880 | Bailey   | Identified the +7 executioner's axe "Qeoz" {spect, rElec
                  | rC- rN+}
  6090 | D:7      | Learned a level 3 spell: Swiftness
  6094 | D:7      | Learned a level 3 spell: Teleport Other
  6097 | D:7      | Learned a level 2 spell: Wereblood
  6166 | D:7      | Reached XP level 10. HP: 77/77 MP: 17/17
  6221 | D:7      | Killed Prince Ribbit
  6222 | D:7      | Reached skill level 5 in Short Blades
  6222 | D:7      | Reached skill level 5 in Long Blades
  6222 | D:7      | Reached skill level 5 in Axes
  6222 | D:7      | Reached skill level 5 in Maces & Flails
  6222 | D:7      | Reached skill level 5 in Polearms
  6222 | D:7      | Reached skill level 5 in Staves
  6222 | D:7      | Reached skill level 5 in Throwing
  6222 | D:7      | Reached skill level 5 in Armour
  6222 | D:7      | Reached skill level 5 in Shields
  6222 | D:7      | Reached skill level 5 in Unarmed Combat
  6222 | D:7      | Reached skill level 5 in Spellcasting
  6222 | D:7      | Reached skill level 5 in Evocations
  6223 | D:7      | Reached skill level 10 in Ranged Weapons
  6611 | D:7      | Reached **** piety under Fedhas
  6642 | D:8      | Noticed Jeremiah
  6814 | D:8      | Killed Jeremiah
  6945 | D:8      | Reached skill level 5 in Shapeshifting
  7217 | D:8      | Noticed Maurice
  7225 | D:8      | Killed Maurice
  7357 | D:8      | Found a staircase to the Lair.
  7754 | D:9      | Noticed an orange demon
  7769 | D:9      | Killed an orange demon
  7770 | D:9      | Reached XP level 11. HP: 62/84 MP: 16/19
  7784 | D:9      | Reached skill level 5 in Conjurations
  7784 | D:9      | Reached skill level 5 in Hexes
  7784 | D:9      | Reached skill level 5 in Summonings
  7784 | D:9      | Reached skill level 5 in Necromancy
  7784 | D:9      | Reached skill level 5 in Translocations
  7784 | D:9      | Reached skill level 5 in Transmutations
  7784 | D:9      | Reached skill level 5 in Fire Magic
  7784 | D:9      | Reached skill level 5 in Ice Magic
  7784 | D:9      | Reached skill level 5 in Air Magic
  7784 | D:9      | Reached skill level 5 in Earth Magic
  7784 | D:9      | Reached skill level 5 in Poison Magic
  8059 | D:9      | Reached ***** piety under Fedhas
  8096 | D:9      | Noticed Psyche
  8270 | D:9      | Killed Psyche
  8342 | D:9      | Noticed Amaemon
  8679 | D:2      | Bought a smelly chain mail for 294 gold pieces
  8679 | D:2      | Identified the +0 chain mail "Kiavi" {rPois} (You bought it
                  | in a shop on level 2 of the Dungeon)
  8803 | D:9      | Killed Amaemon
  8912 | D:10     | Entered Level 10 of the Dungeon
  9230 | D:10     | Found a staircase to the Orcish Mines.
  9679 | D:10     | Identified the +1 hand axe of the Hundredfold Bones {flame,
                  | *Corrode rPois Str+9 Int+5}
  9859 | D:10     | Noticed a wizard
  9864 | D:10     | Killed a wizard
  9907 | D:10     | Noticed a wizard
  9917 | D:10     | Killed a wizard
  9934 | D:10     | Noticed a wizard
  9945 | D:10     | Killed a wizard
 10026 | D:10     | Found the +3 warlock's mirror {omnireflect}
 10027 | D:10     | Noticed a wizard
 10028 | D:10     | Noticed a wizard
 10038 | Abyss:2  | Cast into level 2 of the Abyss (a wizard)
 10082 | Abyss:2  | Noticed a starcursed mass
 10113 | D:10     | Escaped the Abyss
 10130 | D:10     | Killed a wizard
 10147 | Abyss:3  | Found a corrupted altar of Lugonu.
 10147 | Abyss:3  | Cast into level 3 of the Abyss (a wizard)
 10152 | Abyss:3  | Found a corrupted altar of Lugonu.
 10178 | Abyss:3  | Gained mutation: Armour fits poorly on your strangely
                  | shaped body. [a neqoxec]
 10193 | Abyss:3  | Noticed a wretched star
 10225 | Abyss:3  | Noticed a spatial maelstrom
 10237 | Abyss:3  | Noticed a wretched star
 10263 | Abyss:3  | Noticed a large abomination
 10269 | Abyss:3  | Noticed a hell hog
 10289 | Abyss:3  | Noticed a dread lich
 10290 | Abyss:3  | Paralysed by a dread lich for 2 turns
 10291 | Abyss:3  | HP: 3/87 [smoke demon/divine providence (15)]
 10291 | Abyss:3  | Annihilated by a large abomination

Illustrated notes

Levels and vault maps discovered:
D:1:      amcnicky_arrival_feature_with_door, layout_loops_corners,
          serial_shops, shop, serial_bayou, serial_bayou_lagoon_a,
          serial_bayou_lagoon_b, serial_bayou_shore_a, serial_bayou_pond_d
D:2:      layout_basic, serial_shops, nicolae_square_shop
D:3:      layout_loops_corners
D:4:      layout_loops_ring, chequers_temple_overflow_statue_of_worship,
          mainiacjoe_overflow_six_doors_small, mainiacjoe_overflow_chevrons,
          minmay_temple_entry_overgrown, dreamdust_princess_corridor
D:5:      layout_rooms, serial_glass, glass_columns_a, glass_columns_c,
          minmay_strange_pillars, feat_on_display, serial_shops,
          nicolae_shop_rolled_up, serial_bayou_pond_e,
          chequers_serial_rivers_micro_b
D:6:      layout_basic, grunt_temple_overflow_holy_war,
          kennysheep_okawaru_gauntlet, serial_shops, shop
D:7:      layout_loops_ring, nicolae_dithmenos_the_darkroom, enter_bailey_4,
          serial_glass, glass_columns_c, glass_columns_c, feat_on_display,
          minmay_strange_pillars, uniq_prince_ribbit1
D:8:      layout_loops_cross, erik_lair_orcish_takeover, uniq_maurice,
          uniq_jeremiah
D:9:      layout_small_grid, uniq_psyche, uniq_amaemon
D:10:     minmay_smoke_and_mirrors, layout_loops_ring, zombieorc2_lemuel
Temple:   zaba_magenta_temple
Abyss:3:  base: D:5, bh_silent_lugonu_exit, hangedman_relentless_pull,
          evilmike_abyss_rune_ettins

Skill      XL: |  1  2  3  4  5  6  7  8  9 10 11 |
---------------+----------------------------------+-----
Invocations    | 1 2 3 4 5 6 7 |  7.5
Short Blades   | 1 2 3 4 5 6 |  6.8
Long Blades    | 1 2 3 4 5 6 |  6.8
Axes           | 1 2 3 4 5 6 |  6.8
Maces & Flails | 1 2 3 4 5 6 |  6.8
Polearms       | 1 2 3 4 5 6 |  6.8
Staves         | 1 2 3 4 5 6 |  6.8
Throwing       | 1 2 3 4 5 6 |  6.8
Armour         | 1 2 3 4 5 6 |  6.8
Shields        | 1 2 3 4 5 6 |  6.8
Unarmed Combat | 1 2 3 4 5 6 |  6.8
Spellcasting   | 1 2 3 4 5 6 |  6.8
Evocations     | 1 2 3 4 5 6 |  6.8
Shapeshifting  | 1 2 3 4 5 6 |  6.2
Conjurations   | 1 2 3 4 5 |  5.6
Hexes          | 1 2 3 4 5 |  5.6
Summonings     | 1 2 3 4 5 |  5.6
Necromancy     | 1 2 3 4 5 |  5.6
Translocations | 1 2 3 4 5 |  5.6
Transmutations | 1 2 3 4 5 |  5.6
Fire Magic     | 1 2 3 4 5 |  5.6
Ice Magic      | 1 2 3 4 5 |  5.6
Air Magic      | 1 2 3 4 5 |  5.6
Earth Magic    | 1 2 3 4 5 |  5.6
Poison Magic   | 1 2 3 4 5 |  5.6
Stealth        | 3 4 5 6 7 |  7.3
Fighting       | 5 6 7 8 |  8.3
Dodging        | 5 6 7 8 |  8.3
Ranged Weapons | 9 10 | 10.9

Action                     |  1- 3 |  4- 6 |  7- 9 | 10-12 || total
---------------------------+-------+-------+-------+-------++-------
  Melee: Whip              |       |       |       |    50 ||    50
         Bite              |       |       |       |     6 ||     6
         Executioner's axe |       |       |       |     6 ||     6
   Fire: Shortbow          |    83 |   136 |   261 |   484 ||   964
  Throw: Throwing net      |       |       |     1 |       ||     1
   Cast: Wereblood         |       |       |       |     2 ||     2
         Swiftness         |       |       |       |     1 ||     1
 Invoke: Grow Ballistomyce |       |       |     1 |     2 ||     3
  Evoke: Wand              |       |       |     1 |     7 ||     8
    Use: Scroll            |       |       |     8 |     5 ||    13
   Stab: Distracted        |       |       |       |     1 ||     1
 Armour: Leather armour    |    11 |       |       |       ||    11
         Robe              |       |    13 |    31 |   127 ||   171
  Dodge: Dodged            |    12 |    17 |    44 |   217 ||   290

Table legend: (Time is in decaauts)
 A = Elapsed time spent in this place.
 B = Non-inter-level travel time spent in this place.
 C = Inter-level travel time spent in this place.
 D = Time resting spent in this place.
 E = Time spent auto-exploring this place.
 F = Levels seen in this place.
 G = Mean time per level.
                   A        B        C        D        E       F      G
               +--------+--------+--------+--------+--------+-----+--------+
         Total |  10294 |   9750 |    544 |    894 |   5137 |  14 |  735.3 |
       Dungeon |   9312 |   8800 |    512 |    757 |   5033 |  10 |  931.2 |
        Temple |     34 |      2 |     32 |      0 |      0 |   1 |   34.0 |
         Abyss |    218 |    218 |      0 |      0 |      2 |   2 |  109.0 |
        Bailey |    728 |    728 |      0 |    137 |    102 |   1 |  728.0 |
               +--------+--------+--------+--------+--------+-----+--------+

Top non-repeatable levels by time:
     D:6: 1240 daAuts
     D:9: 1091 daAuts
     D:1: 1039 daAuts
    D:10: 995 daAuts
     D:3: 993 daAuts
     D:8: 985 daAuts
     D:7: 943 daAuts
  Bailey: 728 daAuts
     D:2: 717 daAuts
     D:5: 682 daAuts
     D:4: 623 daAuts
 Abyss:3: 143 daAuts
 Abyss:2: 74 daAuts
  Temple: 34 daAuts
